 Dungeon Crawl Stone Soup version 0.31.0-11-ge490571c62 (webtiles) character file.

Game seed: 11639098963529157626

4837 Nattefrost the Carver (level 10, 0/66 HPs)
             Began as a Tengu Fighter on Feb 2, 2024.
             Was an Initiate of Gozag.
             Killed from afar by a larval weirdshock beast (9 damage)
             ... with a living lightning
             ... on level 8 of the Dungeon.
             The game lasted 00:11:10 (7504 turns).

Nattefrost the Carver (Tengu Fighter)               Turns: 7504, Time: 00:11:10

Health: 0/66       AC: 11    Str: 17    XL:     10   Next: 49%
Magic:  11/11      EV: 29    Int:  9    God:    Gozag
Gold:   1033       SH: 11    Dex: 23    Spells: 9/9 levels left

rFire   . . .        a - +1 long sword
rCold   . . .        c - +0 buckler
rNeg    . . .        q - +0 chain mail
rPois   .            (helmet restricted)
rElec   .            r - +0 cloak
rCorr   .            (no gloves)
SInv    .            (boots unavailable)
Will    +....        m - amulet of reflection Stlth
                     s - ring of willpower
HPRegen 0.31/turn    h - +6 ring of dexterity
MPRegen 0.12/turn

%: reflection, acrobat
@: gold aura, acrobatic, flying
A: beak, talons 3, evasive flight, acrobatic
a: Renounce Religion, Potion Petition, Call Merchant, Bribe Branch


You were on level 8 of the Dungeon.
You worshipped Gozag.
Gozag was most pleased with you.
You visited 1 branch of the dungeon, and saw 8 of its levels.

You collected 1096 gold pieces.
You paid 63 gold pieces to Gozag.

Inventory:

Hand Weapons
 a - a +1 long sword (weapon)
 b - a +1 short sword of flaming
Missiles
 p - a throwing net
Armour
 c - a +0 buckler (worn)
 q - a +0 chain mail (worn)
 r - a +0 cloak (worn)
Jewellery
 h - a +6 ring of dexterity (right hand)
 m - an amulet of reflection (around neck)
 s - a ring of willpower (left hand)
Wands
 j - a wand of charming (7)
 v - a wand of iceblast (1)
 y - a wand of flame (14)
Scrolls
 g - 4 scrolls of enchant armour
 t - a scroll of teleportation
 x - 2 scrolls of enchant weapon
 A - 3 scrolls of fear
 B - a scroll of revelation
Potions
 d - a potion of haste {unknown}
 e - 2 potions of degeneration
 f - 4 potions of enlightenment
 i - a potion of invisibility
 l - a potion of lignification
 n - a potion of resistance
 o - 3 potions of brilliance
 u - a potion of ambrosia {unknown}
 w - a potion of heal wounds


   Skills:
 + Level 9.2 Fighting
 + Level 10.9 Long Blades
 - Level 6.0 Armour
 - Level 5.0 Dodging
 - Level 5.0 Shields


You had 9 spell levels left.
You didn't know any spells.
Your spell library contained the following spells:

 Spells                   Type           Power      Damage    Failure   Level
 Sting                    Conj/Alch      0%         1d3       99%         1
 Blink                    Tloc           0%         N/A       100%        2
 Call Imp                 Summ           0%         N/A       100%        2
 Ensorcelled Hibernation  Hex/Ice        0%         N/A       100%        2
 Lesser Beckoning         Tloc           0%         N/A       100%        2
 Mercury Vapours          Alch/Air       0%         N/A       100%        2
 Momentum Strike          Conj/Tloc      0%         3d8       100%        2
 Sublimation of Blood     Necr           0%         N/A       100%        2
 Passwall                 Erth           0%         N/A       100%        3
 Swiftness                Air            0%         N/A       100%        3
 Olgreb's Toxic Radiance  Alch           0%         N/A       100%        4
 Summon Blazeheart Golem  Fire/Summ      0%         N/A       100%        4
 Vhi's Electric Charge    Tloc/Air       0%         N/A       100%        4
 Arcjolt                  Conj/Air       0%         1d10      100%        5
 Orb of Destruction       Conj           0%         9d5       100%        7
 Spellforged Servitor     Conj/Summ      0%         N/A       100%        7
 Summon Hydra             Summ           0%         N/A       100%        7
 Maxwell's Capacitive Co  Air            0%         ∞         100%        8


Dungeon Overview and Level Annotations

Branches:
Dungeon (8/15)             Temple (0/1) D:5
   Lair: D:8-11

Altars:
Ashenzari
Cheibriados
Elyvilon
Gozag
Nemelex Xobeh
Trog
Wu Jian
Zin
The Shining One


Innate Abilities, Weirdness & Mutations

You have a beak for a mouth.
You have claws for feet.
Your magical flight helps you evade attacks. (EV +4)
You can magically evade attacks while moving or waiting.


Message History

The juvenile stingshock beast blinks!
Throw: dart (poison)
Press: ? - help, Q - select action, (/) - cycle Shift-Dir - straight line, f/p - juvenile stingshock beast
Aim: a juvenile stingshock beast (severely wounded, 81% to hit)
You throw a poisoned dart.
The poisoned dart hits the juvenile stingshock beast.
The juvenile stingshock beast is severely wounded.
The juvenile stingshock beast bursts into living lightning!
The living lightning misses you.
The juvenile stingshock beast blinks!
You hit the juvenile stingshock beast but do no damage.
Your kick misses the juvenile stingshock beast.
You peck the juvenile stingshock beast, but do no damage.
The juvenile stingshock beast is severely wounded.
The juvenile stingshock beast misses you.
The juvenile stingshock beast stings you but does no damage.
Unknown command.
You hit the juvenile stingshock beast. You claw the juvenile stingshock beast.
You peck the juvenile stingshock beast.
The juvenile stingshock beast is almost dead.
Unknown command.
You barely miss the juvenile stingshock beast.
You peck the juvenile stingshock beast.
You kill the juvenile stingshock beast!
Unknown command.
You see here 6 gold pieces.
You now have 1033 gold pieces (gained 6).
You hit the larval weirdshock beast.
The larval weirdshock beast is lightly wounded.
The larval weirdshock beast hits you but does no damage.
You block the larval weirdshock beast's attack.
You hit the larval weirdshock beast. You peck the larval weirdshock beast.
The larval weirdshock beast is severely wounded.
The larval weirdshock beast bursts into living lightning!
The living lightning hits you!
* * * LOW HITPOINT WARNING * * *
The larval weirdshock beast blinks!
The larval weirdshock beast bursts into living lightning!
The living lightning hits you!
You die...
Your body crumbles into a pile of gold.

...... ..........>#.. ....
###...........#..
#...##................ .#.
$(#.#................ ....
#$#..................
...###.#..................
#...#..............#.....
#.....#............#..... .
###...#§@<.....###).)....
.. #.............##.##.....
....#............)..#......
....#............#.........
#...............#.........
#...#..#....[...#.........
#.H.##.##.................
#... #..##.................
... .......................


You could see a larval weirdshock beast.

Vanquished Creatures
  Grinder (D:6)
  A hornet (D:8)
  Prince Ribbit (D:6)
  Sigmund (D:4)
  A wyvern (D:7)
  12 yaks
  A water moccasin (D:7)
  A sky beast (D:6)
  A black bear (D:7)
  2 centaurs (D:7)
  An ogre (D:7)
  2 phantoms
  Blork the orc (D:5)
  6 scorpions
  2 howler monkeys
  A bombardier beetle (D:3)
  A jelly (D:7)
  3 orc priests
  3 hounds
  2 iguanas
  Jessica (D:2)
  Natasha (thrice) (D:2)
  Ijyb (D:4)
  3 orc wizards
  4 mutant beasts
  3 adders
  8 gnolls (D:4)
  A ribbon worm (D:2)
  2 dart slugs
  14 orcs
  3 ball pythons
  3 bats (D:3)
  10 endoplasms
  4 giant cockroaches
  5 goblins
  7 hobgoblins
  6 kobolds
  5 quokkas
  8 frilled lizards
  6 rats
141 creatures vanquished.

Notes
Turn   | Place    | Note
-------+----------+-------------------------------------------
     0 | D:1      | Nattefrost the Tengu Fighter began the quest for the Orb.
     0 | D:1      | Reached XP level 1. HP: 14/14 MP: 2/2
   269 | D:1      | Reached XP level 2. HP: 19/19 MP: 3/3
   270 | D:1      | Reached skill level 1 in Dodging
   493 | D:1      | Reached XP level 3. HP: 23/23 MP: 4/4
   762 | D:2      | Noticed Natasha
   768 | D:2      | Killed Natasha
   769 | D:2      | Reached skill level 3 in Long Blades
   769 | D:2      | Reached XP level 4. HP: 16/29 MP: 5/5
  1023 | D:2      | Noticed Natasha
  1031 | D:2      | Killed Natasha
  1262 | D:2      | Noticed Jessica
  1267 | D:2      | Killed Jessica
  1268 | D:2      | Reached XP level 5. HP: 33/33 MP: 6/6
  1312 | D:2      | Noticed Natasha
  1321 | D:2      | Killed Natasha
  1659 | D:3      | Reached skill level 4 in Long Blades
  1701 | D:3      | Found an opulent altar of Gozag.
  1729 | D:3      | Found a sparkling altar of Nemelex Xobeh.
  1811 | D:3      | Became a worshipper of Gozag Ym Sagoz the Greedy
  2157 | D:4      | Reached XP level 6. HP: 30/39 MP: 7/7
  2303 | D:4      | Found a glowing golden altar of the Shining One.
  2305 | D:4      | Found a white marble altar of Elyvilon.
  2317 | D:4      | Found a glowing silver altar of Zin.
  2418 | D:4      | Noticed Sigmund
  2831 | D:4      | Killed Sigmund
  2832 | D:4      | Reached skill level 5 in Fighting
  2832 | D:4      | Reached skill level 5 in Long Blades
  2832 | D:4      | Gained mutation: Your magical flight helps you evade
                  | attacks. (EV +4) [Tengu growth]
  2832 | D:4      | Reached XP level 7. HP: 36/44 MP: 8/8
  3354 | D:4      | Noticed Ijyb
  3374 | D:4      | Killed Ijyb
  3593 | D:4      | Reached skill level 5 in Dodging
  4063 | D:5      | Entered Level 5 of the Dungeon
  4109 | D:5      | Reached skill level 6 in Long Blades
  4109 | D:5      | Reached XP level 8. HP: 50/51 MP: 9/9
  4331 | D:5      | Found a staircase to the Ecumenical Temple.
  4441 | D:5      | Reached skill level 7 in Long Blades
  4845 | D:6      | Noticed Blork the orc
  4864 | D:5      | Killed Blork the orc
  5083 | D:6      | Found a broken altar of Ashenzari.
  5083 | D:6      | Found an ornate altar of the Wu Jian Council.
  5084 | D:6      | Found a bloodstained altar of Trog.
  5128 | D:6      | Noticed Prince Ribbit
  5143 | D:6      | Killed Prince Ribbit
  5356 | D:6      | Found a snail-covered altar of Cheibriados.
  5381 | D:6      | Reached skill level 8 in Long Blades
  5681 | D:6      | Noticed Grinder
  5692 | D:6      | Killed Grinder
  5693 | D:6      | Reached XP level 9. HP: 42/57 MP: 10/10
  5853 | D:7      | Reached skill level 5 in Armour
  5997 | D:7      | Reached skill level 9 in Long Blades
  6463 | D:8      | Noticed a hornet
  6638 | D:8      | Killed a hornet
  6969 | D:7      | Reached XP level 10. HP: 28/64 MP: 11/11
  6977 | D:6      | Reached skill level 10 in Long Blades
  7158 | D:7      | Reached skill level 5 in Shields
  7473 | D:8      | Noticed a juvenile stingshock beast
  7498 | D:8      | Killed a juvenile stingshock beast
  7504 | D:8      | Killed from afar by a larval weirdshock beast

Illustrated notes

Levels and vault maps discovered:
D:1:      sevenhm_arrival_forest_fort_small_5, layout_basic,
          minmay_gold_behind_fungi, minmay_surrounded
D:2:      layout_basic, uniq_natasha, uniq_jessica
D:3:      layout_loops_ring, mainiacjoe_overflow_catwalk,
          mainiacjoe_overflow_24_doors
D:4:      layout_layer_cave, good_gods_mini_temple, uniq_ijyb, uniq_sigmund
D:5:      layout_gridville, minmay_temple_entry_glass, st_stairs_6,
          minmay_statues_item
D:6:      layout_gridville, grunt_temple_overflow_open,
          mainiacjoe_overflow_cross_hatched, uniq_grinder, uniq_blork_the_orc,
          uniq_prince_ribbit1
D:7:      layout_cave_pools
D:8:      layout_cave_pools, makhleb_grotto_becter, jmf_multi_god_temple,
          special_room [special_room_orc], nicolae_beast_mode

Skill      XL: |  1  2  3  4  5  6  7  8  9 10 |
---------------+-------------------------------+-----
Dodging        | 1 2 3 4 5 |  5.0
Long Blades    | 3 4 5 6 8 9 10 | 10.9
Fighting       | 4 5 7 8 9 |  9.2
Armour         | 4 6 |  6.0
Shields        | 4 5 |  5.0

Action                     |  1- 3 |  4- 6 |  7- 9 | 10-12 || total
---------------------------+-------+-------+-------+-------++-------
  Melee: Long sword        |    56 |    84 |   205 |    56 ||   401
         Kick              |    11 |    15 |    68 |    20 ||   114
         Peck              |     9 |    12 |    40 |    23 ||    84
  Throw: Dart              |       |     5 |     4 |     4 ||    13
  Evoke: Wand              |       |     2 |     8 |     3 ||    13
    Use: Scroll            |     1 |     9 |     9 |       ||    19
         Potion            |     1 |     2 |     1 |     1 ||     5
   Stab: Distracted        |       |     1 |     1 |       ||     2
 Armour: Scale mail        |    20 |    42 |    39 |       ||   101
         Chain mail        |       |       |    65 |    32 ||    97
  Dodge: Dodged            |    35 |    37 |   146 |    32 ||   250
  Block: Buckler           |    11 |    16 |    99 |    32 ||   158
         Reflection        |       |       |     2 |       ||     2
